 Dungeon Crawl Stone Soup version 0.31.0-9-g3a7656b989 (console) character file.

Game seed: 18277732503208597739

438 Zeia the Magician (level 7, -10/52 HPs)
             Began as a Djinni Ice Elementalist on Jan 24, 2024.
             Mangled by an ice beast (19 damage)
             ... on level 4 of the Dungeon.
             The game lasted 00:09:34 (3144 turns).

Zeia the Magician (Djinni Ice Elementalist)         Turns: 3144, Time: 00:09:34

Health: -10/52     AC:  9    Str:  7    XL:     7   Next: 22%
Gold:   128        EV: 10    Int: 25    God:
                   SH:  0    Dex: 13

rFire   + + .        g - +1 short sword (venom)
rCold   x . .        (no shield)
rNeg    + . .        m - +4 ring mail of the Bells {rN+}
rPois   ∞            (no helmet)
rElec   .            (no cloak)
rCorr   .            (no gloves)
SInv    .            (boots unavailable)
Will    .....        (no amulet)
Stlth   +            h - +6 ring of intelligence
HPRegen 0.28/turn    o - ring of wizardry
MPRegen 0.00/turn

%: wizardry (x1), infuse magic (-11 HP)
@: flying
A: sickness immunity, fire resistance 2, cold vulnerability 1, float, innate
caster, HP casting, extra vitality 1
a: no special abilities


You were on level 4 of the Dungeon.
You visited 1 branch of the dungeon, and saw 4 of its levels.

You collected 128 gold pieces.

Inventory:

Hand Weapons
 g - a +1 short sword of venom (weapon)
Armour
 a - a +0 robe
 m - the +4 ring mail of the Bells (worn) {rN+}
   (You found it on level 2 of the Dungeon)

   rN+:       It protects you from negative energy.
Jewellery
 h - a +6 ring of intelligence (left hand)
 o - a ring of wizardry (right hand)
Scrolls
 b - a scroll of identify {unknown}
 e - a scroll of teleportation {unknown}
 f - a scroll of noise {unknown}
 i - 2 scrolls of revelation {unknown}
 j - a scroll of fog {unknown}
 k - a scroll of enchant armour {unknown}
Potions
 c - 2 potions of cancellation {unknown}
 d - a potion of lignification {unknown}
 l - a potion of might
 n - a potion of heal wounds
 p - a potion of enlightenment {unknown}
 q - a potion of invisibility {unknown}


   Skills:
 + Level 4.0 Fighting
 - Level 3.1 Armour
 + Level 3.5 Dodging
 - Level 1.5 Stealth
 + Level 4.4 Spellcasting
 + Level 4.4 Conjurations
 + Level 4.4 Hexes
   Level 0.0 Charms
 + Level 4.4 Summonings
 + Level 4.4 Necromancy
 + Level 4.4 Translocations
   Level 0.0 Transmutations
 + Level 4.4 Fire Magic
 + Level 4.4 Ice Magic
 + Level 4.4 Air Magic
 + Level 4.4 Earth Magic
 + Level 4.4 Alchemy


You knew the following spells:

 Your Spells              Type           Power      Damage    Failure   Level
a - Freeze                Ice            100%       1d10      1%          1
b - Frozen Ramparts       Ice            54%        1d9       6%          3
c - Ozocubu's Armour      Ice            27%        N/A       6%          3
d - Summon Ice Beast      Ice/Summ       27%        N/A       6%          3
e - Apportation           Tloc           54%        N/A       1%          1
f - Mercury Vapours       Alch/Air       54%        N/A       2%          2
g - Hailstorm             Conj/Ice       27%        3d8       6%          3
Your spell library was empty.

Dungeon Overview and Level Annotations

Branches:
Dungeon (4/15)
 Temple: D:4-7

Altars:

Annotations:
D:4 Edmund


Innate Abilities, Weirdness & Mutations

You are immune to sickness and miasma.
You are immune to poison.
Your flesh is very heat resistant. (rF++)
You are vulnerable to cold. (rC-)
You float through the air rather than walking.
You learn spells naturally, not from books.
Your magical power is your life essence.
You have superior vitality. (+4 MHP)


Message History

The wight is almost destroyed.
The wight barely misses you.
You barely miss the wight.
The wight is almost destroyed.
The wight hits you but does no damage.
You puncture the wight!
You destroy the wight!
Your Fighting skill increases to level 4!
Your icy armour cracks and falls away as you move.
Items here: ( ))) [[[.
Press: ? - help, v - describe, . - travel, g - get item
Items here: ( ))) [[[.
The floor.
Unknown command.
You see here a scorpion corpse.
You start resting.
You feel a little less mighty now.
HP restored.
An ice beast comes into view.
Found a ring mail.
You hit the ice beast but do no damage. The ice beast hits you.
The ice beast freezes you!
You feel a terrible chill!
You hit the ice beast but do no damage.
The ice beast is poisoned.
The ice beast hits you. The ice beast freezes you!
You feel a terrible chill!
You hit the ice beast but do no damage.
The ice beast is lightly wounded.
The ice beast hits you but does no damage.
Casting: Ozocubu's Armour (dangerous; 6% risk of failure)
Confirm with . or Enter, or press ? or * to list all spells.
A chill wind blows around you. The ice beast hits you.
The ice beast freezes you!
You feel a terrible chill!
* * * LOW HITPOINT WARNING * * *
Your ice beast hits the ice beast.
Your ice beast freezes the ice beast.
The ice beast completely resists.
The ice beast attacks as it pursues you!
The ice beast hits you but does no damage.
Your ice beast hits the ice beast.
Your ice beast freezes the ice beast.
The ice beast completely resists.
Your ice beast hits the ice beast.
Your ice beast freezes the ice beast.
The ice beast completely resists.
The ice beast attacks as it pursues you!
The ice beast hits you.
* * * LOW HITPOINT WARNING * * *
The ice beast freezes you!!
You feel a terrible chill!
You die...

........ ....... ..... ....
#.. ##### . #.# ....#.. #.#
...... #.# ##....# #.#
###.....#..
####.##############.......[..
.......)........@Y..Y.....#
###...####..#######.#.....#
#...####.#######..#.....#
#................##.....#
##.............#####.....#
#..............# ..#####
#.###.........## .##
#.###.........# .
##.##..........#
...............#
#..###.........#


You could see an ice beast (poisoned, ally target) and a friendly ice beast
(summoned).

Vanquished Creatures
  A scorpion (D:4)
  3 wights (D:4)
  A vampire bat (D:3)
  3 adders
  4 dart slugs
  3 fire bats (D:3)
  A ribbon worm (D:2)
  2 orcs
  2 spectral bats (D:3)
  18 bats
  3 bat skeletons (D:3)
  A bat zombie (D:3)
  4 endoplasms
  A giant cockroach (D:2)
  6 goblins
  4 hobgoblins
  7 kobolds
  A quokka (D:3)
  5 ball pythons
  A bat simulacrum (D:3)
  2 frilled lizards
  4 rats
77 creatures vanquished.

Vanquished Creatures (collateral kills)
  An adder (D:4)
  A hobgoblin (D:4)
2 creatures vanquished.

Grand Total: 79 creatures vanquished

Notes
Turn   | Place    | Note
-------+----------+-------------------------------------------
     0 | D:1      | Zeia the Djinni Ice Elementalist began the quest for the
                  | Orb.
     0 | D:1      | Zeia set off with the following spells memorised: Freeze,
                  | Frozen Ramparts, Ozocubu's Armour, Summon Ice Beast.
     0 | D:1      | Reached XP level 1. HP: 15/15 MP: 0/0
   152 | D:1      | Reached XP level 2. HP: 9/22 MP: 0/0
   428 | D:1      | Reached skill level 1 in Fighting
   564 | D:1      | Reached XP level 3. HP: 25/27 MP: 0/0
   564 | D:1      | Learned a level 1 spell: Apportation
  1357 | D:2      | Reached XP level 4. HP: 30/32 MP: 0/0
  1584 | D:2      | Identified the +4 ring mail of the Bells {rN+}
  2451 | D:3      | Reached skill level 1 in Armour
  2511 | D:3      | Reached XP level 5. HP: 35/38 MP: 0/0
  2511 | D:3      | Learned a level 2 spell: Mercury Vapours
  2621 | D:3      | Reached XP level 6. HP: 46/46 MP: 0/0
  2882 | D:4      | Noticed Edmund
  3030 | D:4      | Reached XP level 7. HP: 30/51 MP: 0/0
  3030 | D:4      | Learned a level 3 spell: Hailstorm
  3144 | D:4      | Mangled by an ice beast

Illustrated notes

Levels and vault maps discovered:
D:1:      kilobyte_arrival_exit_the_forest, layout_loops_ring,
          chequers_big_river
D:2:      layout_basic, grunt_ministairs_7
D:3:      layout_basic, serial_park_tiny_2, goddamned_bats
D:4:      layout_rooms, kennysheep_little_box, mainiacjoe_overflow_divided_tiny,
          uniq_eustachio, uniq_edmund

Skill      XL: |  1  2  3  4  5  6  7 |
---------------+----------------------+-----
Fighting       | 1 2 3 4 |  4.0
Spellcasting   | 4 |  4.4
Conjurations   | 4 |  4.4
Hexes          | 4 |  4.4
Summonings     | 4 |  4.4
Necromancy     | 4 |  4.4
Translocations | 4 |  4.4
Fire Magic     | 4 |  4.4
Ice Magic      | 4 |  4.4
Air Magic      | 4 |  4.4
Earth Magic    | 4 |  4.4
Alchemy        | 4 |  4.4
Armour         | 1 2 3 |  3.1
Dodging        | 3 |  3.5
Stealth        | |  1.5

Action                     |  1- 3 |  4- 6 |  7- 9 || total
---------------------------+-------+-------+-------++-------
  Melee: Unarmed           |     5 |       |       ||     5
         Short sword       |     6 |   119 |     7 ||   132
         Punch             |     1 |       |       ||     1
   Cast: Freeze            |    42 |    24 |       ||    66
         Frozen Ramparts   |       |     3 |       ||     3
         Summon Ice Beast  |       |     2 |     1 ||     3
         Ozocubu's Armour  |       |     1 |       ||     1
    Use: Potion            |       |     2 |       ||     2
 Armour: Robe              |    32 |     3 |       ||    35
         Ring mail         |       |   139 |     8 ||   147
  Dodge: Dodged            |    56 |   124 |     1 ||   181
